 Dungeon Crawl Stone Soup version 0.30-a0-847-g17996783a1 (webtiles) character file.

Game seed: 7625438548403626392

590 Pooter the Chopper (level 7, -2/61 HPs)
             Began as a Minotaur Berserker on Mar 3, 2023.
             Was a Believer of Trog.
             Succumbed to a water moccasin's poison
             ... on level 5 of the Dungeon.
             The game lasted 00:18:14 (3757 turns).

Pooter the Chopper (Minotaur Berserker)             Turns: 3757, Time: 00:18:14

Health: -2/61      AC:  9    Str: 23    XL:     7   Next: 16%
Magic:  6/6        EV:  8    Int:  4    God:    Trog [**....]
Gold:   221        SH:  3    Dex: 10    Spells: 6/6 levels left

rFire   . . .      SeeInvis .    a - +0 war axe
rCold   . . .      Faith    .    d - +0 buckler
rNeg    + . .      Spirit   .    i - +0 chain mail
rPois   .          Reflect  .    (helmet restricted)
rElec   .          Rampage  .    h - +0 cloak
rCorr   .                        (no gloves)
Will    .....                    (no boots) Stlth
                                 (no amulet)
HPRegen 0.30/turn                N - ring of positive energy
MPRegen 0.10/turn                (no ring)

@: lethally poisoned (-2 -> -9)
A: horns 2, retaliatory headbutt
a: Renounce Religion, Berserk, Trog's Hand


You were on level 5 of the Dungeon.
You worshipped Trog.
Trog was pleased with you.
You visited 1 branch of the dungeon, and saw 6 of its levels.

You collected 221 gold pieces.

Inventory:

Hand Weapons
 a - a +0 war axe (weapon)
   (You took it off an orc on level 3 of the Dungeon)
 b - a +0 sling
   (You found it on level 2 of the Dungeon)
Missiles
 n - 5 poisoned darts
 p - 2 throwing nets {!f}
 Q - 45 stones (quivered)
Armour
 d - a +0 buckler (worn)
   (You found it on level 1 of the Dungeon)
 h - a +0 cloak (worn)
   (You found it on level 2 of the Dungeon)
 i - a +0 chain mail (worn)
   (You took it off an orc priest on level 5 of the Dungeon)
Jewellery
 N - a ring of positive energy (left hand)
   (You found it on level 1 of the Dungeon)
Scrolls
 c - a scroll of silence {unknown}
 j - 3 scrolls of magic mapping
 k - 2 scrolls of noise {!r}
 o - a scroll of immolation {!r}
 s - a scroll of blinking {unknown}
 t - a scroll of teleportation {@r4}
Potions
 e - 2 potions of mutation {!q}
 f - 3 potions of curing {@q1}
 g - a potion of might {unknown}
 l - a potion of flight {unknown}
 m - 2 potions of brilliance {unknown}
 r - a potion of heal wounds {unknown}


   Skills:
 + Level 5.3 Fighting
 * Level 6.6 Axes
 * Level 4.1 Ranged Weapons
 - Level 2.4 Armour
 - Level 2.1 Dodging
 + Level 2.7 Stealth


You had 6 spell levels left.
You didn't know any spells.
Your spell library was empty.

Dungeon Overview and Level Annotations

Branches:
Dungeon (6/15)
 Temple: D:4-7

Altars:
Ashenzari
Hepliaklqana
Okawaru
Qazlal
Vehumet
Wu Jian
Yredelemnul
The Shining One

Shops:
D:3 [


Innate Abilities, Weirdness & Mutations

You have a pair of horns on your head.
You reflexively headbutt those who attack you in melee.


Message History

The water moccasin bites you but does no damage.
You hit the water moccasin.
You feel sick.
The water moccasin bites you but does no damage. x2
You barely miss the water moccasin. You headbutt the water moccasin!
You feel sick. The water moccasin barely misses you.
You miss the water moccasin.
You feel sick. The water moccasin closely misses you.
The water moccasin bites you but does no damage.
You barely miss the water moccasin.
You feel sick.
The water moccasin bites you but does no damage.
The water moccasin bites you.
You are more poisoned.
The water moccasin poisons you!
You are too injured to fight recklessly!
You are too injured to fight recklessly!
You are too injured to fight recklessly!
You hit the water moccasin.
You feel very sick.
The water moccasin bites you but does no damage.
The water moccasin bites you.
* * * LOW HITPOINT WARNING * * *
You are more poisoned.
The water moccasin poisons you!
Unknown command.
You barely miss the water moccasin.
* * * LOW HITPOINT WARNING * * *
You feel extremely sick. The water moccasin bites you.
* * * LOW HITPOINT WARNING * * *
You hit the water moccasin.
Your headbutt misses the water moccasin.
* * * LOW HITPOINT WARNING * * *
You feel very sick.
The water moccasin bites you but does no damage.
The water moccasin closely misses you. You furiously retaliate!
You headbutt the water moccasin, but do no damage.
Unknown command.
You barely miss the water moccasin.
Your headbutt misses the water moccasin.
* * * LOW HITPOINT WARNING * * *
You feel very sick.
The water moccasin bites you but does no damage.
The water moccasin barely misses you.
You hit the water moccasin.
* * * LOW HITPOINT WARNING * * *
You feel sick. The water moccasin misses you. You furiously retaliate!
You headbutt the water moccasin. The water moccasin bites you!
* * * LOW HITPOINT WARNING * * *
You barely miss the water moccasin.
You die...

#.#.##....#.####.##.#.#
#.#.##...........##.#.#
#.##....#.####.# #.#
#.##....#.#######.#.#
#.##.............[#.#
#.###.#.#.#########.#
#.....#...# #.#
###################.##
......S@.........#
##################


You could see a water moccasin.

Vanquished Creatures
  A sky beast (D:5)
  A phantom (D:4)
  A bullfrog (D:4)
  A scorpion (D:4)
  A hound (D:5)
  2 orc priests (D:5)
  A sleepcap (D:4)
  11 gnolls
  2 adders
  2 worms
  A dart slug (D:1)
  11 orcs
  6 ball pythons
  2 endoplasms
  A giant cockroach (D:2)
  2 goblins
  6 hobgoblins
  8 kobolds
  A quokka (D:4)
  3 bats
  2 frilled lizards
  5 rats
71 creatures vanquished.

Notes
Turn   | Place    | Note
-------+----------+-------------------------------------------
     0 | D:1      | Pooter the Minotaur Berserker began the quest for the Orb.
     0 | D:1      | Reached XP level 1. HP: 19/19 MP: 0/0
   205 | D:1      | Reached skill level 4 in Axes
   205 | D:1      | Reached XP level 2. HP: 27/27 MP: 1/1
   583 | D:1      | Reached skill level 1 in Stealth
   927 | D:2      | Found a faded altar of an unknown god.
   930 | D:2      | Reached XP level 3. HP: 33/33 MP: 2/2
  1544 | D:2      | Found a glowing golden altar of the Shining One.
  1981 | D:3      | Found Pyjon's Armour Boutique.
  2154 | D:3      | Found a basalt altar of Yredelemnul.
  2154 | D:3      | Found an ornate altar of the Wu Jian Council.
  2154 | D:3      | Found a glowing golden altar of the Shining One.
  2154 | D:3      | Found a hazy altar of Hepliaklqana.
  2161 | D:3      | Reached ** piety under Trog
  2162 | D:3      | Reached XP level 4. HP: 40/40 MP: 3/3
  2169 | D:3      | Found a broken altar of Ashenzari.
  2174 | D:3      | Found a radiant altar of Vehumet.
  2334 | D:4      | Noticed a scorpion
  2347 | D:4      | Killed a scorpion
  2348 | D:4      | Reached skill level 5 in Axes
  2348 | D:4      | Reached skill level 1 in Ranged Weapons
  2408 | D:4      | Reached XP level 5. HP: 47/47 MP: 4/4
  2468 | D:4      | Found a stormy altar of Qazlal.
  2468 | D:4      | Found an iron altar of Okawaru.
  2766 | D:4      | Noticed a phantom
  2770 | D:4      | Killed a phantom
  2771 | D:4      | Reached skill level 6 in Axes
  2771 | D:4      | Reached XP level 6. HP: 55/55 MP: 5/5
  3313 | D:5      | Entered Level 5 of the Dungeon
  3343 | D:5      | Noticed a sky beast
  3354 | D:5      | Reached skill level 5 in Fighting
  3359 | D:5      | Killed a sky beast
  3371 | D:6      | Noticed an orc warrior
  3410 | D:5      | Reached XP level 7. HP: 36/61 MP: 6/6
  3756 | D:5      | HP: 1/61 [water moccasin (7)]
  3757 | D:5      | Succumbed to a water moccasin's poison

Illustrated notes

Levels and vault maps discovered:
D:1:      minmay_arrival_stone_box, layout_basic, minivault_23
D:2:      layout_basic, basic_altar, chequers_ecumenical_altar_simple_redux
D:3:      layout_basic, minmay_overflow_temple_hex, serial_shops, shop
D:4:      layout_loops_ring, gammafunk_temple_overflow_statue
D:5:      layout_basic, marbit_many_paths, minmay_misc_feat_iff
D:6:      lemuel_castle_with_subvaults [lemuel_castle_interior_carwin_1],
          layout_basic, minmay_temple_entry_arrows, gammafunk_ghost_grave

Skill      XL: |  1  2  3  4  5  6  7 |
---------------+----------------------+-----
Axes           | 4 5 6 |  6.6
Fighting       | 4 5 |  5.3
Stealth        | 1 2 |  2.7
Ranged Weapons | 1 3 4 |  4.1
Armour         | |  2.4
Dodging        | |  2.1

Action                     |  1- 3 |  4- 6 |  7- 9 || total
---------------------------+-------+-------+-------++-------
  Melee: Hand axe          |    76 |       |       ||    76
         Headbutt          |    12 |    10 |     2 ||    24
         War axe           |     3 |    57 |    20 ||    80
   Fire: Sling             |    14 |    28 |     3 ||    45
  Throw: Stone             |     1 |     2 |     2 ||     5
         Dart              |       |     5 |       ||     5
         Throwing net      |       |     1 |       ||     1
 Invoke: Berserk           |     5 |     4 |     1 ||    10
         Trog's Hand       |       |     2 |     1 ||     3
    Use: Scroll            |     5 |     1 |       ||     6
 Armour: Animal skin       |     7 |       |       ||     7
         Ring mail         |     6 |    11 |     1 ||    18
         Chain mail        |       |       |     9 ||     9
  Dodge: Dodged            |    48 |    35 |     9 ||    92
  Block: Buckler           |     8 |    10 |     1 ||    19

Table legend: (Time is in decaauts)
 A = Elapsed time spent in this place.
 B = Non-inter-level travel time spent in this place.
 C = Inter-level travel time spent in this place.
 D = Time resting spent in this place.
 E = Time spent auto-exploring this place.
 F = Levels seen in this place.
 G = Mean time per level.
                   A        B        C        D        E       F      G
               +--------+--------+--------+--------+--------+-----+--------+
         Total |   3869 |   3740 |    129 |    613 |   2414 |   6 |  644.8 |
       Dungeon |   3869 |   3740 |    129 |    613 |   2414 |   6 |  644.8 |
               +--------+--------+--------+--------+--------+-----+--------+

Top non-repeatable levels by time:
     D:4: 1139 daAuts
     D:2: 975 daAuts
     D:1: 879 daAuts
     D:3: 446 daAuts
     D:5: 427 daAuts
     D:6: 2 daAuts
